 Dungeon Crawl Stone Soup version 0.23-a0-625-g1d2cd9b (console) character file.

8 Duffy the Sneak (level 2, -4/22 HPs)
             Began as a Naga Fire Elementalist on Dec 24, 2018.
             Slain by an adder (5 damage)
             ... on level 1 of the Dungeon.
             The game lasted 00:00:51 (572 turns).

Duffy the Sneak (Naga Fire Elementalist)             Turns: 572, Time: 00:00:52

Health: -4/22      AC:  1    Str: 10    XL:     2   Next: 8%
Magic:  0/5        EV: 10    Int: 15    God:
Gold:   52         SH:  0    Dex: 11    Spells: 4/5 levels left

rFire    + . .     SeeInvis +   (no weapon)
rCold    . . .     Gourm    .   (no shield)
rNeg     . . .     Faith    .   a - +0 robe
rPois    +         Spirit   .   (no helmet)
rElec    .         Reflect  .   (no cloak)
rCorr    .         Harm     .   (no gloves)
MR       .....                  (no barding)
Stlth    ++........             (no amulet)
HPRegen  0.07/turn              b - ring of protection from fire
MPRegen  0.09/turn              (no ring)

@: very slow
A: large, see invisible, deformed body, poison resistance, slowness 2, slow
metabolism 1, spit poison 1, AC +0
a: Spit Poison


You were on level 1 of the Dungeon.
You were not hungry.

You visited 1 branch of the dungeon, and saw 2 of its levels.

You collected 52 gold pieces.

Inventory:

Armour
 a - a +0 robe (worn)
Jewellery
 b - a ring of protection from fire (left hand)
Comestibles
 c - a ration


   Skills:
 - Level 1.5 Dodging
 - Level 3.0 Stealth
 - Level 2.0 Spellcasting
 + Level 2.1 Conjurations
 - Level 3.0 Fire Magic


You had 4 spell levels left.
You knew the following spells:

 Your Spells              Type           Power        Failure   Level  Hunger
h - Flame Tongue          Conj/Fire      #....        8%          1    #......

Your spell library contained the following spells:

 Spells                   Type           Power        Failure   Level  Hunger
 Throw Flame              Conj/Fire      #.....       12%         2    ###....
 Conjure Flame            Conj/Fire      #.......     24%         3    ###....
 Inner Flame              Hex/Fire       #.......     34%         3    ###....
 Sticky Flame             Conj/Fire      #.......     61%         4    #####..
 Fireball                 Conj/Fire      #.........   91%         5    ######.


Dungeon Overview and Level Annotations

Branches:
Dungeon (2/15)

Altars:


Innate Abilities, Weirdness & Mutations

You cannot wear boots.
Your serpentine skin is tough. (AC +0)
You have supernaturally acute eyesight. (SInv)
Armour fits poorly on your strangely shaped body.
Your system is resistant to poisons. (rPois)
You cover ground very slowly.
You have a slow metabolism.
You can spit poison.


Message History

The bat hits you but does no damage. The adder barely misses you.
The bat hits you.
Use which ability? (? or * to list)
Press: ? - help, Shift-Dir - straight line, f - adder
Aim: an adder (severely wounded)
The splash of poison misses the adder.
The splash of poison hits the giant cockroach.
The giant cockroach appears unharmed.
The giant cockroach is almost dead.
You feel slightly more hungry. The bat hits you but does no damage.
The adder bites you. x2
The bat barely misses you. The adder closely misses you.
The bat hits you but does no damage. The bat misses you.
The adder closely misses you. The bat hits you but does no damage.
The adder bites you. The adder barely misses you.
The bat hits you but does no damage. The adder closely misses you.
You have got your breath back.
The bat misses you. The adder bites you.
You die...

#.#.#.# #. #.##.# ##. ##
###.#.# #.. #.##.....# #..
# #.#.#.### #.. #####.
#...## ### ......# ##.## #
##...######.# #
.###.....sS@.b.# #
............######## #
............~~~~~~~~ #
#........~~~~~~~#### #
#~~~~~..~~~~.......#### #
#~~~~~~~~.......<...~~# #
##...~~~~...........~~~~#
#
##.................~~~~~~#
#
#.........~~~~~~~~~~~~~~~#
#


You could see an adder, a giant cockroach and a bat.

Vanquished Creatures
  A goblin (D:1)
  4 hobgoblins (D:1)
  A kobold (D:1)
6 creatures vanquished.

Notes
Turn   | Place    | Note
-------+----------+-------------------------------------------
     0 | D:1      | Duffy the Naga Fire Elementalist began the quest for the
                  | Orb.
     0 | D:1      | Reached XP level 1. HP: 15/15 MP: 3/3
   174 | D:1      | Reached XP level 2. HP: 22/22 MP: 5/5
   570 | D:1      | HP: 1/22 [adder (4)]
   572 | D:1      | Slain by an adder

Vault maps used:
D:1:      dpeg_arrival_chase, minmay_domino_4
D:2:      uniq_crazy_yiuf_cottage, uniq_natasha

Skill      XL: |  1 |
---------------+----+-----
Conjurations   | 2 |  2.1
Dodging        | |  1.5
Stealth        | |  3.0
Spellcasting   | |  2.0
Fire Magic     | |  3.0

Action                   || total
-------------------------++-------
 Cast: Flame Tongue      ||    16
 Abil: Spit Poison       ||     5
Armor: Robe              ||     9
Dodge: Dodged            ||    36

Table legend:
 A = Non-vault XP
 B = Vault XP
 C = Vault XP percentage of total XP
 D = Non-vault monster count
 E = Vault monster count
 F = Vault count percentage of total count
                 A         B        C        D         E       F
            +---------+---------+-------+---------+---------+-------
      Total |      12 |       0 |   0.0 |       6 |       0 |   0.0
            +---------+---------+-------+---------+---------+-------
        D:1 |      12 |       0 |   0.0 |       6 |       0 |   0.0
            +---------+---------+-------+---------+---------+-------
